 Dungeon Crawl Stone Soup version 0.24.1-4-ge52af88ad5 (webtiles) character file.

Game seed: 16214114283422014734, levelgen mode: deterministic

5877 lepoulpe303 the Grappler (level 10, -4/98 HPs)
             Began as a Troll Chaos Knight on Apr 15, 2020.
             Was a Plaything of Xom.
             Slain by a catoblepas (7 damage)
             ... while petrified by you
             ... on level 1 of the Lair of Beasts.
             The game lasted 00:19:14 (7584 turns).

lepoulpe303 the Grappler (Troll Chaos Knight)       Turns: 7584, Time: 00:19:15

Health: -4/98      AC:  8    Str: 24    XL:     10   Next: 52%
Magic:  9/9        EV:  1    Int:  8    God:    Xom [....*.]
Gold:   589        SH:  0    Dex: 12    Spells: 9/9 levels left

rFire    . . .     SeeInvis .     - Unarmed
rCold    . . .     Gourm    +   (no shield)
rNeg     + + +     Faith    .   a - +2 robe
rPois    ∞         Spirit   .   (helmet restricted)
rElec    .         Reflect  .   (no cloak)
rCorr    .         Harm     .   (gloves unavailable)
MR       +....                  (boots unavailable)
Stlth    +.........             (no amulet)
HPRegen  0.66/turn              m - ring of protection from magic
MPRegen  0.11/turn              c - +2 ring of dexterity

@: petrified
A: large, unfitting armour, claws 3, fast metabolism 3, gourmand, regeneration
1, shaggy fur 1, tough skin 3
a: Renounce Religion


You were on level 1 of the Lair of Beasts.
You worshipped Xom.
You were a beloved toy of Xom.
You were not hungry.

You visited 2 branches of the dungeon, and saw 9 of its levels.

You collected 589 gold pieces.

Inventory:

Missiles
 k - 36 poisoned darts
 B - 6 boomerangs
Armour
 a - a +2 robe (worn)
Jewellery
 c - a +2 ring of dexterity (right claw)
 m - a ring of protection from magic (left claw)
 A - a +6 ring of intelligence
 C - an uncursed ring of resist corrosion
 E - an uncursed amulet of magic regeneration
Wands
 l - a wand of flame (16)
Scrolls
 b - 2 scrolls of brand weapon {unknown}
 g - 2 scrolls of enchant armour {unknown}
 i - 5 scrolls of identify
 j - 2 scrolls of immolation {unknown}
 p - a scroll of noise {unknown}
 r - a scroll of amnesia {unknown}
 s - 3 scrolls of fear {unknown}
 t - 6 scrolls of teleportation
 v - a scroll of vulnerability {unknown}
 w - 7 scrolls of remove curse
 y - 2 scrolls of magic mapping {unknown}
 F - a scroll of fog {unknown}
 G - a scroll of enchant weapon {unknown}
Potions
 d - a potion of mutation {unknown}
 h - 2 potions of haste
 n - 3 potions of flight
 o - 2 potions of lignification {!q}
 q - 3 potions of curing
 u - a potion of magic {unknown}
 x - a potion of heal wounds {unknown}
 z - a potion of degeneration {unknown}
 D - a potion of might {unknown}
Comestibles
 e - 12 rations


   Skills:
 + Level 6.0 Fighting
 * Level 8.3 Throwing
 + Level 5.7 Dodging
 * Level 9.8 Unarmed Combat


You had 9 spell levels left.
You didn't know any spells.
Your spell library contained the following spells:

 Spells                   Type           Power        Failure   Level  Hunger
 Animate Skeleton         Necr           N/A          41%         1    ##.....
 Apportation              Tloc           #.....       41%         1    ##.....
 Confusing Touch          Hex            #.....       41%         1    ##.....
 Flame Tongue             Conj/Fire      #....        41%         1    ##.....
 Summon Small Mammal      Summ           #...         41%         1    ##.....
 Throw Flame              Conj/Fire      #.....       54%         2    ###....
 Confuse                  Hex            #.......     78%         3    ####...
 Conjure Flame            Conj/Fire      #.......     78%         3    ####...
 Gell's Gravitas          Tloc           #.........   78%         3    ####...
 Inner Flame              Hex/Fire       #.......     78%         3    ####...
 Petrify                  Tmut/Erth      #.......     99%         4    #####..
 Sticky Flame             Conj/Fire      #.......     99%         4    #####..
 Fireball                 Conj/Fire      #.........   100%        5    ######.
 Metabolic Englaciation   Hex/Ice        #.........   100%        5    ######.
 Yara's Violent Unravell  Hex/Tmut       #.........   100%        5    ######.


Dungeon Overview and Level Annotations

Branches:
Dungeon (8/15)             Temple (0/1) D:7            Lair (1/6) D:8

Altars:
Okawaru
Ru
Xom


Innate Abilities, Weirdness & Mutations

You are too large for most types of armour.
You have claws for hands.
Your metabolism is lightning-fast.
You like to eat raw meat.
Your natural rate of healing is unusually fast.
You are covered in fur. (AC +1)
You have extremely tough skin. (AC +3)


Message History

The catoblepas gores you!!
* * * LOW HITPOINT WARNING * * *
You are engulfed in calcifying dust.
The catoblepas gores you!
* * * LOW HITPOINT WARNING * * *
You are engulfed in calcifying dust.
The catoblepas gores you but does no damage.
You are engulfed in calcifying dust.
The catoblepas gores you!!
* * * LOW HITPOINT WARNING * * *
The catoblepas gores you!!
* * * LOW HITPOINT WARNING * * *
Xom gives a demonstration of destructive might.
The fungus is outlined in light.
The plant is outlined in light.
The catoblepas is outlined in light.
The catoblepas gores you!!
* * * LOW HITPOINT WARNING * * *
The catoblepas gores you but does no damage.
The catoblepas gores you!
You die...
Xom roars with laughter!

#P.......... #...#
#P........## #...#
#........# #....
#........# ## ##...#
##........## ...#P...#
#...........
........#####...........
........(((....#.###....
#.@.......### #....
#.Y?......# #....
#..P##.....# #....
##.######..# #.... #..
#..# #.... ##. #..#
##.... .. ...# #..... ##
### ###.## ###


You could see a catoblepas.

Levels and vault maps discovered:
D:1:      minmay_arrival_floating_metal, layout_loops_ring
D:2:      layout_basic, minmay_misc_feat_cross
D:3:      minmay_evil_eye, layout_basic, item_on_display_a
D:4:      layout_gridville, uniq_robin
D:5:      layout_loops_ring, first_ration, nrook_mini_vaults,
          nicolae_ru_path_of_blood, uniq_ijyb
D:6:      minmay_opposing_rooms, layout_layer_cave, kennysheep_mini
D:7:      layout_rooms, minmay_temple_entry_arrows, uniq_prince_ribbit1,
          uniq_menkaure
D:8:      layout_basic, david_lair_generic, grunt_pizzeria
Lair:1:   layout_small_grid

Notes
Turn   | Place    | Note
-------+----------+-------------------------------------------
     0 | D:1      | lepoulpe303 the Troll Chaos Knight began the quest for the
                  | Orb.
     0 | D:1      | Reached XP level 1. HP: 22/22 MP: 0/0
   139 | D:1      | Identified a +0 dagger
   141 | D:1      | Identified a +0 club
   144 | D:1      | Reached skill level 2 in Dodging
   163 | D:1      | Identified a +0 club
   198 | D:1      | Reached XP level 2. HP: 29/29 MP: 1/1
   485 | D:1      | Identified a +0 short sword
   522 | D:1      | XOM: silly message
   673 | D:2      | XOM: divination: detect items
  1146 | D:2      | Identified a +0 dagger
  1162 | D:2      | XOM: harmless Tloc miscast
  1299 | D:2      | XOM is BORED!
  1299 | D:2      | XOM: stat loss: -2 Int (6/8)
  1373 | D:3      | Reached skill level 1 in Throwing
  1373 | D:3      | Reached XP level 3. HP: 36/36 MP: 2/2
  1759 | D:3      | Identified a +0 short sword
  1781 | D:3      | Identified a +0 dagger
  1785 | D:3      | Reached XP level 4. HP: 42/44 MP: 3/3
  2041 | D:3      | XOM: god gift: 8 javelins
  2057 | D:3      | Identified a +0 club
  2165 | D:4      | Reached skill level 4 in Unarmed Combat
  2230 | D:4      | Reached skill level 3 in Fighting
  2230 | D:4      | Reached skill level 2 in Throwing
  2230 | D:4      | Reached XP level 5. HP: 53/53 MP: 4/4
  2236 | D:4      | Identified a cursed +0 club
  2237 | D:4      | Identified a +0 dagger
  2251 | D:4      | Identified a +0 club
  2251 | D:4      | Identified a +0 dagger
  2253 | D:4      | Identified a +0 dagger
  2255 | D:4      | Identified a +0 club
  2256 | D:4      | Identified a +2 spear of piercing
  2256 | D:4      | Identified a +0 animal skin
  2256 | D:4      | Identified a +1 helmet
  2256 | D:4      | Noticed Robin
  2257 | D:4      | Identified a +0 club
  2271 | D:4      | Killed Robin
  2332 | D:4      | Identified a +0 giant club
  2332 | D:4      | Noticed an ogre
  2334 | D:4      | XOM: scenery: 1 doors open
  2338 | D:4      | Killed an ogre
  2338 | D:4      | Reached XP level 6. HP: 28/61 MP: 5/5
  2417 | D:4      | Reached skill level 3 in Throwing
  2417 | D:4      | Reached skill level 5 in Unarmed Combat
  2693 | D:4      | XOM: severe Conj miscast
  2787 | D:5      | Entered Level 5 of the Dungeon
  2799 | D:5      | XOM: confuse monster(s)
  2801 | D:5      | Reached skill level 3 in Dodging
  2828 | D:5      | XOM: divine lightning
  2905 | D:5      | XOM: harmless Conj miscast
  2906 | D:5      | Reached XP level 7. HP: 67/67 MP: 6/6
  2996 | D:5      | Identified a +0 club
  2996 | D:5      | Identified a +0 ring mail
  2996 | D:5      | Noticed Ijyb
  3040 | D:4      | XOM is BORED!
  3040 | D:4      | XOM: mild Conj miscast
  3078 | D:5      | Killed Ijyb
  3250 | D:5      | Identified a +0 whip
  3251 | D:5      | Identified a +0 spear
  3251 | D:5      | Identified a +0 scale mail
  3251 | D:5      | Identified a +2 shield
  3251 | D:5      | Identified a +0 halberd
  3252 | D:5      | Identified a +0 whip
  3261 | D:5      | XOM: summons 2 friendly demons
  3551 | D:5      | Found a sacrificial altar of Ru.
  3637 | D:5      | XOM: summons 3 hostile shadow creatures
  3638 | D:5      | Identified a +0 short sword
  3638 | D:5      | Identified a +0 leather armour
  3638 | D:5      | Identified a +0 dagger
  3638 | D:5      | Identified a +0 leather armour
  3638 | D:5      | Identified a +0 leather armour
  3638 | D:5      | Identified a +0 mace
  3642 | D:5      | XOM: noise
  3656 | D:5      | HP: 17/68 [scorpion[Xom] (8)]
  3657 | D:5      | Identified 3 potions of lignification
  3657 | D:5      | XOM: scenery: create altars
  3658 | D:5      | Identified 3 potions of haste
  3669 | D:5      | Reached skill level 4 in Throwing
  3896 | D:6      | XOM: harmless Conj miscast
  3900 | D:6      | Identified a +0 giant club
  3905 | D:6      | Reached skill level 6 in Unarmed Combat
  3941 | D:6      | XOM: god gift: dark potion {god gift}
  3945 | D:6      | Identified 6 scrolls of remove curse
  3946 | D:6      | Identified 8 scrolls of identify
  3946 | D:6      | Identified a ring of resist corrosion (You found it on
                  | level 2 of the Dungeon)
  3948 | D:6      | Identified a ring of dexterity (You found it on level 1 of
                  | the Dungeon)
  3949 | D:6      | Identified 3 potions of curing
  3953 | D:6      | Identified a +0 short sword
  3953 | D:6      | Identified a +0 leather armour
  3969 | D:6      | XOM: mild Summ miscast
  3970 | D:6      | Noticed a spatial vortex
  4101 | D:6      | Identified a +0 giant club
  4106 | D:6      | Reached XP level 8. HP: 58/78 MP: 7/7
  4205 | D:6      | Reached skill level 4 in Fighting
  4235 | D:6      | Identified a cursed -2 club
  4270 | D:6      | Identified a +0 dagger
  4270 | D:6      | Identified a +0 robe
  4271 | D:6      | Identified a +0 dagger
  4271 | D:6      | Identified a +0 robe
  4271 | D:6      | Identified a +0 dagger
  4271 | D:6      | Identified a +0 robe
  4273 | D:6      | Identified a +0 dagger
  4273 | D:6      | Identified a cursed -1 robe
  4273 | D:6      | Identified a +0 dagger
  4273 | D:6      | Identified a +0 robe
  4286 | D:6      | Reached skill level 5 in Throwing
  4292 | D:6      | XOM: potion effect (curing)
  4324 | D:6      | Identified a +0 dagger
  4324 | D:6      | Identified a +0 leather armour
  4328 | D:6      | Identified a +0 hand axe
  4328 | D:6      | Identified a +0 scale mail
  4329 | D:6      | Identified a +0 scale mail
  4421 | D:6      | XOM: 5-stop teleportation journey
  4433 | D:6      | Reached skill level 4 in Dodging
  4648 | D:6      | Identified a +0 halberd
  4649 | D:6      | Identified a +0 spear
  4650 | D:6      | Identified a +0 spear
  4651 | D:6      | Reached skill level 7 in Unarmed Combat
  4769 | D:6      | Found an iron altar of Okawaru.
  5097 | D:6      | XOM: god gift: 55 gold pieces
  5117 | D:6      | XOM: god gift: scroll labeled KOGHIOHIOCI {god gift}
  5181 | D:6      | Identified 2 potions of flight
  5182 | D:6      | Identified 6 scrolls of teleportation
  5194 | D:7      | Identified a +0 leather armour
  5194 | D:7      | Identified a +0 trident
  5194 | D:7      | Identified a cursed -1 hand axe
  5194 | D:7      | Identified a +0 dagger
  5194 | D:7      | Identified a +0 leather armour
  5194 | D:7      | Identified a +0 halberd
  5198 | D:7      | XOM: confuse monster(s)
  5205 | D:7      | Identified a +0 shortbow
  5206 | D:7      | XOM: enchant monster (good)
  5209 | D:7      | Identified a +0 halberd
  5213 | D:7      | HP: 17/79 [gnoll/+0 halberd (8)]
  5221 | D:6      | HP: 18/79 [worker ant (4)]
  5354 | D:7      | XOM: swap monsters
  5443 | D:7      | Identified a +0 short sword
  5452 | D:7      | XOM: 1-stop teleportation journey
  5452 | D:7      | Identified a +0 dagger
  5452 | D:7      | Identified a +0 robe
  5452 | D:7      | Identified a +0 mace
  5452 | D:7      | Identified a +0 whip
  5453 | D:7      | Identified a +0 dagger of freezing
  5453 | D:7      | Identified a +0 leather armour
  5457 | D:7      | Reached skill level 6 in Throwing
  5457 | D:7      | Reached XP level 9. HP: 77/85 MP: 8/8
  5492 | D:7      | Identified a +0 long sword
  5492 | D:7      | Identified a +0 plate armour
  5492 | D:7      | Identified a +0 whip
  5496 | D:7      | Identified a cursed -2 dagger
  5496 | D:7      | Identified a +0 robe
  5497 | D:7      | Identified a +0 hand axe
  5519 | D:7      | HP: 18/87 [something/puff of flame (8)]
  5521 | D:7      | Reached skill level 8 in Unarmed Combat
  5521 | D:7      | HP: 8/87 [something/puff of flame (9)]
  5565 | D:7      | XOM: scenery: create altars
  5599 | D:7      | XOM: cloud trail
  5611 | D:7      | Identified a ring of intelligence (You found it on level 7
                  | of the Dungeon)
  5664 | D:7      | Identified a +0 shortbow
  5666 | D:7      | Reached skill level 5 in Fighting
  5687 | D:7      | Identified a +0 shortbow
  5698 | D:7      | Identified a ring of protection from magic (You found it on
                  | level 7 of the Dungeon)
  5752 | D:7      | Found a staircase to the Ecumenical Temple.
  5761 | D:7      | Identified a +0 giant club
  5762 | D:7      | Noticed Prince Ribbit
  5771 | D:7      | Killed Prince Ribbit
  5771 | D:7      | Reached skill level 7 in Throwing
  5915 | D:7      | Noticed Menkaure
  5921 | D:7      | Killed Menkaure
  6027 | D:8      | Identified a +0 giant club
  6030 | D:8      | Reached skill level 5 in Dodging
  6075 | D:8      | XOM: cleaving
  6155 | D:8      | Identified an amulet of magic regeneration (You found it on
                  | level 7 of the Dungeon)
  6169 | D:8      | XOM: scenery: 1 doors close
  6199 | D:8      | Identified a +0 dagger
  6239 | D:8      | Noticed an elephant
  6256 | D:8      | XOM: summons 3 friendly demons
  6259 | D:8      | XOM: confuse monster(s)
  6265 | D:8      | Reached skill level 9 in Unarmed Combat
  6292 | D:8      | Killed an elephant
  6292 | D:8      | Reached XP level 10. HP: 56/96 MP: 9/9
  6319 | D:8      | Found a staircase to the Lair.
  6369 | D:8      | XOM: 4-stop teleportation journey
  6398 | D:8      | Identified a cursed -2 shortbow
  6409 | D:8      | XOM: summons 10 friendly demons
  6579 | D:8      | Identified a +0 shortbow
  6856 | D:8      | XOM: cloud trail
  7070 | Lair:1   | Entered Level 1 of the Lair of Beasts
  7147 | Lair:1   | Noticed a spiny frog
  7154 | Lair:1   | Killed a spiny frog
  7154 | Lair:1   | Reached skill level 8 in Throwing
  7359 | Lair:1   | Noticed a spiny frog
  7362 | Lair:1   | Killed a spiny frog
  7509 | Lair:1   | XOM: scenery: create altars
  7564 | Lair:1   | Reached skill level 6 in Fighting
  7565 | Lair:1   | Noticed a catoblepas
  7581 | Lair:1   | HP: 16/98 [catoblepas (15)]
  7582 | Lair:1   | XOM: fake destruction
  7582 | Lair:1   | HP: 2/98 [catoblepas (14)]
  7584 | Lair:1   | Slain by a catoblepas

Table legend:
 A = Turns spent in this place as a percentage of turns spent in the entire game.
 B = Non-inter-level travel turns spent in this place as a percentage of non-inter-level travel turns spent in the entire game.
 C = Inter-level travel turns spent in this place as a percentage of turns spent in this place.
 D = Turns resting spent in this place as a percentage of non-inter-level travel turns spent in this place.
 E = Turns spent auto-exploring this place as a percentage of non-inter-level travel turns spent in this place.
 F = Non-inter-level travel turns spent in this place divided by the number of levels of this place that you've seen.
                   A       B       C       D       E      F
               +-------+-------+-------+-------+-------+----------------------
         Total | 100.0 | 100.0 |   2.8 |   9.7 |  73.7 | 818.9
       Dungeon |  93.2 |  93.0 |   3.0 |  10.4 |  72.7 | 857.0
          Lair |   6.8 |   7.0 |   0.0 |   0.0 |  87.5 | 514.0
               +-------+-------+-------+-------+-------+----------------------

Table legend:
 A = Kills in this place as a percentage of kills in entire the game.
 B = Kills by you in this place as a percentage of kills by you in the entire game.
 C = Kills by friends in this place as a percentage of kills by friends in the entire game.
 D = Other kills in this place as a percentage of other kills in the entire game.
 E = Experience gained in this place as a percentage of experience gained in the entire game.
 F = Experience gained in this place divided by the number of levels of this place that you have seen.
                   A       B       C       D       E      F
               +-------+-------+-------+-------+-------+----------------------
         Total | 100.0 | 100.0 | 100.0 | 100.0 | 100.0 | 932.9
       Dungeon |  96.0 |  95.9 | 100.0 | 100.0 |  80.6 | 846.4
          Lair |   4.0 |   4.1 |   0.0 |   0.0 |  19.4 | 1625.0
               +-------+-------+-------+-------+-------+----------------------

Skill      XL: |  1  2  3  4  5  6  7  8  9 10 |
---------------+-------------------------------+-----
Dodging        | 2 3 4 5 |  5.7
Throwing       | 1 2 3 4 6 7 8 |  8.3
Unarmed Combat | 4 5 6 7 9 |  9.8
Fighting       | 3 4 5 6 |  6.0

Action                   |  1- 3 |  4- 6 |  7- 9 | 10-12 || total
-------------------------+-------+-------+-------+-------++-------
Melee: Unarmed           |    58 |    77 |   302 |    36 ||   473
       Punch             |     1 |     3 |    13 |     2 ||    19
Throw: Javelin           |    26 |    47 |   104 |    33 ||   210
  Use: Scroll            |       |       |     6 |       ||     6
       Potion            |       |       |     3 |       ||     3
 Stab: Sleeping          |     1 |       |       |       ||     1
       Confused          |       |       |     1 |       ||     1
       Distracted        |       |       |       |     1 ||     1
  Eat: Chunk             |    22 |    10 |    36 |     7 ||    75
Armor: Robe              |    21 |    38 |    97 |    11 ||   167
       Skin              |       |       |     6 |       ||     6
Dodge: Dodged            |    23 |    41 |   175 |    29 ||   268

Vanquished Creatures
  An elephant (D:8)
  2 spiny frogs (Lair:1)
  A komodo dragon (Lair:1)
  Prince Ribbit (D:7)
  A hippogriff (D:8)
  A spriggan (D:8)
  A wyvern (D:8)
  A hungry ghost (D:8)
  A basilisk (D:8)
  Menkaure (D:7)
  A water moccasin (D:8)
  An orc warrior (D:7)
  An ice beast (D:6)
  3 phantoms
  2 black bears
  4 centaurs
  5 ogres
  4 crocodiles
  4 bullfrogs
  A gnoll sergeant (D:5)
  2 scorpions (D:4)
  3 killer bees (D:7)
  2 howler monkeys
  3 crimson imps
  6 orc priests
  3 centaur skeletons
  3 hounds
  A jelly (D:7)
  7 orc wizards
  5 iguanas
  Ijyb (D:5)
  6 worker ants
  2 hound zombies
  A howler monkey zombie (D:5)
  Robin (D:4)
  5 adders
  9 gnolls
  A shadow imp (D:6)
  2 worms (D:4)
  2 dart slugs (D:1)
  5 leopard geckos
  16 orcs
  3 bats
  A giant cockroach (D:2)
  10 goblins
  9 hobgoblins
  7 jackals
  6 kobolds
  4 quokkas
  A ball python (D:3)
  2 frilled lizards
  2 jackal skeletons
  4 rats
172 creatures vanquished.

Vanquished Creatures (collateral kills)
  A hippogriff (D:8)
  A centaur (D:8)
  2 gnolls (D:5)
4 creatures vanquished.

Vanquished Creatures (others)
  A hound (D:5)
  A leopard gecko (D:5)
  A jackal (D:5)
3 creatures vanquished.

Grand Total: 179 creatures vanquished
